 Dungeon Crawl Stone Soup version 0.31-a0-233-g139696dc86 (webtiles) character file.

Game seed: 11409439503515005726

202 qw the Shooter (level 5, 0/45 HPs)
             Began as a Minotaur Hexslinger on July 7, 2023.
             Slain by a gnoll bouda
             ... wielding a +0 whip
              (6 damage)
             ... on level 4 of the Dungeon.
             The game lasted 00:00:55 (2349 turns).

qw the Shooter (Minotaur Hexslinger)                Turns: 2349, Time: 00:00:56

Health: 0/45       AC:  6    Str: 19    XL:     5   Next: 50%
Magic:  5/5        EV: 11    Int: 10    God:
Gold:   164        SH:  5    Dex: 14    Spells: 5/6 levels left

rFire   . . .        Y - +1 sling
rCold   . . .        (no shield)
rNeg    . . .        h - +0 ring mail
rPois   .            (helmet restricted)
rElec   .            (no cloak)
rCorr   .            l - +0 pair of gloves
SInv    .            (no boots)
Will    .....        g - amulet of reflection
Stlth   +            k - +6 ring of strength
HPRegen 0.27/turn    (no ring)
MPRegen 0.09/turn

%: reflection
@: weakened
A: horns 2, retaliatory headbutt
a: no special abilities


You were on level 4 of the Dungeon.
You visited 1 branch of the dungeon, and saw 4 of its levels.

You collected 226 gold pieces.
You spent 62 gold pieces at shops.


Innate Abilities, Weirdness & Mutations

You have a pair of horns on your head.
You reflexively headbutt those who attack you in melee.


   Skills:
 - Level 3.0 Fighting
 + Level 5.3 Ranged Weapons
 - Level 2.1 Armour
 - Level 2.1 Dodging
 - Level 1.0 Spellcasting
 - Level 2.0 Hexes


You had 5 spell levels left.
You knew the following spells:

 Your Spells              Type           Power      Damage    Failure   Level
a - Slow                  Hex            16%        N/A       26%         1

Your spell library contained the following spells:

 Spells                   Type           Power      Damage    Failure   Level
 Inner Flame              Hex/Fire       2%         N/A       75%         3
 Portal Projectile        Hex/Tloc       4%         N/A       75%         3
 Cause Fear               Hex            2%         N/A       94%         4

Inventory:

Hand Weapons
 Y - a +1 sling (weapon)
Armour
 h - a +0 ring mail (worn)
 l - a +0 pair of gloves (worn)
Jewellery
 g - an amulet of reflection (around neck)
 k - a +6 ring of strength (left hand)
Scrolls
 e - 2 scrolls of identify
Potions
 a - a potion of cancellation {unknown}
 c - a potion of haste
 d - 2 potions of curing
 j - a potion of resistance

Dungeon Overview and Level Annotations

Branches:
Dungeon (4/15)
 Temple: D:4-7

Altars:
Wu Jian

Shops:
D:2 **[(?   D:3 [


Message History

The sling bullet closely misses the gnoll.
The gnoll hits you from afar with a +0 spear.
The gnoll misses you. You furiously retaliate!
You headbutt the gnoll! You block the gnoll's attack.
You shoot a sling bullet. The sling bullet hits the gnoll.
You kill the gnoll!
The gnoll hits you from afar with a +0 spear.
The gnoll bouda barely misses you. You block the gnoll's attack.
You shoot a sling bullet.
The sling bullet hits the gnoll bouda but does no damage.
The gnoll hits you from afar with a +0 spear.
The gnoll misses you.
The gnoll hits you from afar with a +0 spear.
The gnoll hits you but does no damage.
You shoot a sling bullet. The sling bullet hits the gnoll bouda.
The gnoll bouda is lightly wounded.
You block the gnoll's attack. The gnoll hits you with a +0 flail!
The gnoll barely misses you.
You shoot a sling bullet.
The sling bullet closely misses the gnoll bouda.
The gnoll closely misses you.
The gnoll bouda hits you with a +0 whip!
The gnoll closely misses you. The gnoll hits you but does no damage.
The gnoll bouda hits you but does no damage.
The gnoll completely misses you.
You shoot a sling bullet. The sling bullet hits the gnoll bouda.
The gnoll bouda is moderately wounded.
You block the gnoll's attack. The gnoll closely misses you.
You block the gnoll's attack.
The gnoll bouda gazes fiercely through you!
You feel your attacks grow feeble.
The gnoll bouda hits you with a +0 whip!
You shoot a sling bullet. The sling bullet hits the gnoll bouda.
The gnoll bouda is moderately wounded.
The gnoll is no longer moving quickly.
You block the gnoll's attack.
The gnoll hits you from afar with a +0 spear.
The gnoll bouda gazes fiercely through you!
You feel as though you will be weak longer.
The gnoll bouda hits you with a +0 whip.
You die...

#..................... .....
###.##################....#.
#.####......... #...#.
#......######## #.. #.
#######......# #<.#......
#..#.##.## #..#.#
#..#@###### #.ggg.......
#'g'######## #¤¤...~
#~¤#...#~ #~~ .#.#.#~ ~~
...# . #~ ~ .#.# g #~ .. #.
#~


You could see a gnoll bouda and 3 gnolls.

Vanquished Creatures
  Natasha (twice) (D:2)
  3 adders
  6 gnolls
  A worm (D:3)
  4 dart slugs
  An orc (D:4)
  7 endoplasms
  2 giant cockroaches
  6 goblins
  5 hobgoblins
  4 ball pythons
  2 bats (D:1)
  5 frilled lizards
  6 kobolds
  6 rats
60 creatures vanquished.

Notes
Turn   | Place    | Note
-------+----------+-------------------------------------------
     0 | D:1      | qw the Minotaur Hexslinger began the quest for the Orb.
     0 | D:1      | Reached XP level 1. HP: 16/16 MP: 1/1
     0 | D:1      | 0 ||| qw: Version: 0.3-a-46-gb1f654a
     0 | D:1      | 0 ||| qw: Game counter: 3003
     0 | D:1      | 0 ||| qw: Melee chars always use a shield: true
     0 | D:1      | 0 ||| qw: God list: Okawaru
     0 | D:1      | 0 ||| qw: Allow faded altars: false
     0 | D:1      | 0 ||| qw: Do Orc after clearing Dungeon:15 true
     0 | D:1      | 0 ||| qw: Do second Lair branch before Depths: true
     0 | D:1      | 0 ||| qw: Lair rune preference: random
     0 | D:1      | 0 ||| qw: Goals: Normal
     0 | D:1      | 0 ||| PLANNING D:1-11
   127 | D:1      | Reached skill level 3 in Ranged Weapons
   133 | D:1      | HP: 4/16 [poisoned by a goblin]
   260 | D:1      | Reached XP level 2. HP: 23/23 MP: 2/2
   749 | D:1      | 749 ||| UPGRADING to +0 ring mail.
   759 | D:1      | 759 ||| DROPPING +0 robe.
   760 | D:1      | 760 ||| UPGRADING to amulet of reflection.
   765 | D:1      | 765 ||| READING scroll labelled TIEJAKK YDOOBREE.
   770 | D:1      | 770 ||| READING 2 scrolls labelled KORPHU LAAC.
   771 | D:1      | 771 ||| READING scroll labelled PIRUGR DALYMM.
   815 | D:1      | 815 ||| DROPPING scroll of poison.
   832 | D:2      | Found Fawuigy's Assorted Antiques.
   834 | D:2      | Found Jugao's Armour Shoppe.
   844 | D:2      | Reached XP level 3. HP: 29/29 MP: 3/3
   848 | D:2      | Found Usir's General Store.
   855 | D:2      | 855 ||| BUYING black potion (17 gold).
   855 | D:2      | Bought a black potion for 17 gold pieces
   855 | D:2      | 855 ||| BUYING inky potion (17 gold).
   855 | D:2      | Bought an inky potion for 17 gold pieces
   855 | D:2      | 855 ||| SHOPLISTING red potion (17 gold, have 14).
   855 | D:2      | 855 ||| SHOPLISTING sapphire potion (17 gold, have 14).
   862 | D:2      | 862 ||| SHOPLISTING potion of cancellation (104 gold, have
                  | 14).
   938 | D:2      | 938 ||| SHOPLISTING +0 cloak (49 gold, have 24).
   938 | D:2      | 938 ||| SHOPLISTING +0 pair of boots (49 gold, have 24).
   938 | D:2      | 938 ||| SHOPLISTING +5 pair of gloves "Peota" {*Corrode Fly
                  | rElec Regen+} (440 gold, have 24).
   970 | D:2      | Reached skill level 4 in Ranged Weapons
   978 | D:2      | Found Bouhe's Weapon Boutique.
   981 | D:2      | Noticed Natasha
   989 | D:2      | Killed Natasha
   990 | D:2      | Reached XP level 4. HP: 27/36 MP: 4/4
  1056 | D:2      | Found Renaj's Magic Scroll Boutique.
  1067 | D:2      | 1067 ||| BUYING scroll of identify (28 gold).
  1067 | D:2      | Bought a scroll of identify for 28 gold pieces
  1067 | D:2      | 1067 ||| SHOPLISTING scroll of teleportation (42 gold, have
                  | 18).
  1195 | D:2      | Noticed Natasha
  1203 | D:2      | Killed Natasha
  1369 | D:2      | 1369 ||| UPGRADING to +0 pair of gloves.
  1374 | D:2      | 1374 ||| DROPPING +6 ring of intelligence.
  1375 | D:2      | 1375 ||| UPGRADING to +6 ring of strength.
  1376 | D:2      | 1376 ||| READING scroll labelled TYBOSU SURE.
  1377 | D:2      | 1377 ||| READING scroll labelled UDARUO AHIA.
  1378 | D:2      | 1378 ||| READING 4 scrolls of identify.
  1378 | D:2      | 1378 ||| IDENTIFYING black potion
  1379 | D:2      | 1379 ||| READING 3 scrolls of identify.
  1379 | D:2      | 1379 ||| IDENTIFYING inky potion
  1380 | D:2      | 1380 ||| READING 2 scrolls of identify.
  1380 | D:2      | 1380 ||| IDENTIFYING murky dark potion
  1487 | D:3      | Found an ornate altar of the Wu Jian Council.
  1611 | D:3      | Found Coinasch's Armour Boutique.
  1693 | D:3      | HP: 6/36 [gnoll/+0 club (7)]
  1694 | D:3      | 1694 ||| DRINKING potion of heal wounds.
  1697 | D:3      | Reached skill level 5 in Ranged Weapons
  1697 | D:3      | Reached XP level 5. HP: 29/41 MP: 5/5
  2063 | D:3      | Found a faded altar of an unknown god.
  2137 | D:3      | Reached skill level 3 in Fighting
  2244 | D:3      | 2244 ||| DRINKING 2 red potions.
  2338 | D:4      | 2338 ||| Stepping ~*~*~tactically~*~*~ (outnumbered).
  2348 | D:4      | HP: 9/45 [gnoll bouda/+0 whip (7)]
  2349 | D:4      | Slain by a gnoll bouda

Levels and vault maps discovered:
D:1:      lemuel_arrival_muddy, layout_basic
D:2:      layout_rooms, serial_shops, shop, shop,
          nicolae_shop_temple_entry_statues_fountains, shop, shop,
          dk_noncrumbling_3, grunt_ministairs_12, uniq_natasha
D:3:      layout_basic, amcnicky_altar_gilded, basic_ecumenical_altar,
          serial_shops, nicolae_shop_waterfront, nicolae_figureground_pulse
D:4:      cheibrodos_greedy_goblins, layout_basic, kennysheep_cluttered_room,
          nicolae_shop_clearance

Skill      XL: |  1  2  3  4  5 |
---------------+----------------+-----
Ranged Weapons | 3 4 5 |  5.3
Fighting       | 2 3 |  3.0
Armour         | 2 |  2.1
Dodging        | |  2.1
Spellcasting   | |  1.0
Hexes          | |  2.0

Action                     |  1- 3 |  4- 6 || total
---------------------------+-------+-------++-------
   Fire: Sling             |    88 |   117 ||   205
    Use: Scroll            |     3 |     5 ||     8
         Potion            |       |     2 ||     2
 Armour: Robe              |     1 |       ||     1
         Ring mail         |     5 |    25 ||    30
  Dodge: Dodged            |    13 |    44 ||    57
  Block: Other             |     7 |    22 ||    29
         Reflection        |     1 |     1 ||     2

Table legend:
 A = Non-vault XP
 B = Vault XP
 C = Vault XP percentage of total XP
 D = Non-vault monster count
 E = Vault monster count
 F = Vault count percentage of total count
                 A         B        C        D         E       F
            +---------+---------+-------+---------+---------+-------
      Total |     249 |      40 |  13.8 |      58 |       2 |   3.3
            +---------+---------+-------+---------+---------+-------
        D:1 |      36 |       0 |   0.0 |      20 |       0 |   0.0
        D:2 |      67 |      40 |  37.4 |      12 |       2 |  14.3
        D:3 |     112 |       0 |   0.0 |      22 |       0 |   0.0
        D:4 |      34 |       0 |   0.0 |       4 |       0 |   0.0
            +---------+---------+-------+---------+---------+-------
